Map: Cactus Valley LE (Void)

Players

Shamanas - Winner!

  • Race: Terran Terran

ElDuderino

  • Race: Protoss Protoss

VOD

Have the link to the VOD?

Description

Time

  • Played on: May 2, 2015, 9:28 a.m.
  • Length: 12:08
Show
View Real Time Build Order
Export as new Build Order

Shamanas Terran - Winner!

Build Orders: Reaper Expand 

Get SALT Encoding   

  12  0:01  SCV  
  13  0:13  SCV  
  14  0:18  Supply Depot  
  14  0:25  SCV  
  15  0:40  SCV  
  15  0:41  Barracks  
  16  0:45  Refinery  
  16  0:52  SCV  
  17  1:04  SCV  
  18  1:16  SCV  
  19  1:28  Reaper  
  19  1:29  Orbital Command  
  20  1:44  Command Center  
  20  1:54  Supply Depot  
  20  1:58  SCV  
  20  2:00  Barracks Reactor  
  21  2:05  Refinery  
  21  2:10  SCV  
  22  2:22  SCV  
  23  2:23  Factory  
  23  2:34  SCV  
  24  2:44  Marine x2  
  24  2:46  SCV  
  24  2:49  Factory  
  27  2:56  Orbital Command  
  27  2:58  SCV  
  27  3:01  Bunker  
  28  3:10  Factory Tech Lab  
  28  3:11  Marine x2  
  31  3:12  SCV  
  31  3:22  SCV  
  31  3:24  SCV  
  33  3:31  Cyclone  
  35  3:40  SCV x2  
  37  3:43  Supply Depot, Hellion x2  
  37  3:47  Refinery  
  41  3:51  Missile Turret  
  41  3:52  SCV  
  42  3:56  SCV  
  42  3:58  Missile Turret  
  43  4:03  Cyclone  
  43  4:04  SCV  
  43  4:09  SCV  
  48  4:10  Hellion  
  48  4:11  Hellion  
  48  4:16  Supply Depot  
  52  4:20  SCV  
  52  4:21  SCV  
  54  4:33  Command Center  
  54  4:37  SCV  
  59  4:45  Hellion  
  59  4:46  Hellion  
  55  4:58  SCV x2  
  54  5:00  Cyclone  
  54  5:03  Refinery  
  54  5:06  Starport  
  54  5:10  Hellion x2  
  54  5:13  SCV x2  
  55  5:19  Armory  
  55  5:20  Armory  
  55  5:25  SCV x2  
  55  5:27  Supply Depot  
  57  5:31  Hellion  
  59  5:43  SCV x2  
  59  5:44  Starport Tech Lab  
  59  5:47  Cyclone  
  59  5:48  Hellion  
  66  5:53  Hellion  
  68  5:58  SCV x2  
  70  6:06  Orbital Command  
  70  6:08  Missile Turret  
  70  6:11  Terran Vehicle and Ship Weapons Level 1, Engineering Bay  
  70  6:12  Terran Vehicle And Ship Armor Level 1  
  70  6:14  Refinery  
  70  6:15  SCV x2  
  72  6:19  Hellion, Refinery  
  72  6:26  Cyclone  
  72  6:27  Banshee  
  72  6:28  Cloaking Field  
  78  6:33  SCV x3  
  78  6:39  Supply Depot  
  81  6:40  Supply Depot  
  81  6:42  Hellbat  
  83  6:47  Factory  
  83  6:55  SCV x2  
  83  7:00  SCV  
  86  7:08  Supply Depot  
  86  7:10  Supply Depot, Cyclone, Hellbat x2  
  93  7:20  Banshee  
  96  7:28  Starport  
  96  7:29  Starport  
  94  7:30  SCV x3  
  94  7:33  Hellion x2  
  94  7:37  Command Center, Factory Tech Lab  
  93  7:44  Supply Depot  
  93  7:45  Cyclone  
  94  8:02  Cyclone, Hellbat x2  
  101  8:14  Banshee  
  101  8:16  Terran Vehicle and Ship Weapons Level 2, Starport Tech Lab x2  
  101  8:17  Terran Vehicle And Ship Armor Level 2  
  104  8:23  SCV x3, Hellion, Missile Turret  
  104  8:26  Hellion x2, Infernal Pre-Igniter  
  104  8:27  Missile Turret  
  111  8:28  Cyclone  
  111  8:33  Fusion Core  
  114  8:35  Supply Depot  
  114  8:43  Refinery  
  114  8:48  Refinery  
  114  8:49  Banshee x2, Cyclone  
  114  8:54  Hellion x2  
  127  8:59  Banshee  
  130  9:05  Starport x2  
  127  9:11  Hellion x4  
  127  9:12  Planetary Fortress  
  126  9:20  Hellbat x3  
  130  9:32  Banshee  
  130  9:33  Hellion  
  130  9:35  SCV x3  
  136  9:40  Banshee  
  136  9:42  Banshee, Cyclone  
  136  9:43  Cyclone  
  136  9:44  Starport Reactor  
  136  9:45  Starport Tech Lab  
  148  9:49  Supply Depot  
  148  9:50  Supply Depot  
  148  9:51  Supply Depot  
  148  9:52  Supply Depot  
  148  10:04  Unknown  
  148  10:06  SCV x2  
  148  10:08  SCV  
  148  10:09  Banshee  
  148  10:11  Hyperflight Rotors, Hellbat x2  
  148  10:13  Supply Depot  
  148  10:15  Banshee  
  148  10:16  Supply Depot  
  148  10:21  Viking x2  
  153  10:22  Banshee  
  158  10:42  Hellbat x4  
  166  10:48  Missile Turret  
  163  10:54  Viking x3  
  163  10:55  Viking  
  151  11:07  Viking x2  
  151  11:08  Hellbat x2  
  150  11:15  Command Center  
  150  11:17  SCV x2  
  152  11:19  Cyclone  
  152  11:24  Banshee  
  158  11:35  Viking  
  158  11:36  Viking  
  158  11:37  Hellbat x2  
  166  12:06  Missile Turret  
Show
View Real Time Build Order
Export as new Build Order

ElDuderino Protoss 

Build Orders: 1 Gate Expand, Double Forge, Double Forge 

Get SALT Encoding   

  12  0:04  Probe  
  13  0:15  Pylon  
  13  0:18  Probe  
  14  0:33  Probe  
  15  0:39  Gateway  
  15  0:45  Probe (Chrono Boost)  
  15  0:48  Assimilator  
  16  0:57  Probe (Chrono Boost)  
  17  1:03  Probe (Chrono Boost)  
  18  1:17  Probe  
  19  1:23  Nexus  
  19  1:32  Pylon  
  19  1:34  Probe  
  20  1:43  Cybernetics Core  
  20  1:46  Probe (Chrono Boost)  
  21  1:52  Assimilator  
  21  1:56  Probe (Chrono Boost)  
  22  2:04  Probe (Chrono Boost)  
  23  2:13  Probe (Chrono Boost)  
  24  2:20  Adept  
  24  2:21  Warp Gate  
  24  2:22  Mothership Core (Chrono Boost)  
  28  2:31  Pylon  
  28  2:35  Pylon  
  28  2:36  Probe (Chrono Boost)  
  28  2:48  Probe x2  
  30  2:51  Adept  
  32  3:02  Probe x2  
  34  3:14  Probe x2, Robotics Facility  
  34  3:18  Adept  
  38  3:42  Probe x2 (Chrono Boost)  
  38  3:44  Twilight Council  
  38  3:46  Adept  
  42  3:52  Probe x2 (Chrono Boost)  
  44  3:59  Probe x2  
  44  4:02  Pylon  
  46  4:05  Observer  
  46  4:06  Assimilator  
  47  4:10  Assimilator  
  47  4:11  Probe x2 (Chrono Boost)  
  47  4:15  Forge  
  49  4:17  Forge  
  49  4:23  Probe x2 (Chrono Boost)  
  51  4:29  Probe x2 (Chrono Boost)  
  53  4:36  Observer  
  52  4:55  Stalker  
  51  5:07  Shield Upgrade  
  51  5:15  Gateway  
  51  5:18  Gateway  
  51  5:19  Gateway  
  51  5:20  Gateway x2  
  51  5:25  Pylon  
  51  5:26  Observer  
  52  5:32  Adept  
  52  5:34  Protoss Ground Weapons Level 1 (Chrono Boost), Protoss Ground Armor Level 1 (Chrono Boost)  
  54  5:48  Observer  
  55  5:59  Probe x2  
  64  6:26  Adept  
  56  6:40  Charge (Chrono Boost)  
  56  6:41  Robotics Facility  
  56  6:42  Adept  
  56  6:43  Adept x4, Robotics Bay  
  66  6:57  Adept  
  66  7:00  Immortal (Chrono Boost)  
  70  7:01  Pylon  
  69  7:13  Pylon  
  69  7:14  Pylon  
  69  7:15  Adept x2, Pylon  
  69  7:16  Adept  
  75  7:26  Protoss Ground Armor Level 2, Protoss Ground Weapons Level 2  
  75  7:29  Pylon  
  74  7:31  Photon Cannon  
  74  7:40  Adept  
  74  7:41  Adept x5  
  79  7:56  Immortal (Chrono Boost)  
  79  7:58  Nexus  
  83  8:00  Nexus  
  82  8:16  Immortal (Chrono Boost)  
  86  8:21  Pylon  
  86  8:25  Probe x2, Pylon  
  92  8:46  Disruptor (Chrono Boost)  
  92  8:48  Observer (Chrono Boost)  
  93  8:56  Probe x2  
  93  9:02  Warp Prism (Chrono Boost)  
  97  9:08  Probe x2  
  99  9:14  Probe  
  99  9:15  Observer (Chrono Boost)  
  101  9:20  Probe  
  101  9:21  Probe  
  102  9:27  Probe  
  102  9:30  Colossus  
  109  9:33  Probe x2  
  109  9:35  Photon Cannon  
  109  9:37  Photon Cannon  
  111  9:38  Photon Cannon  
  111  9:39  Probe  
  111  9:43  Templar Archives  
  111  9:44  Protoss Ground Weapons Level 3 (Chrono Boost), Protoss Ground Armor Level 3 (Chrono Boost)  
  111  9:45  Probe x2  
  114  9:51  Probe  
  115  9:57  Probe x2  
  117  10:05  Probe  
  111  10:09  Probe x2  
  116  10:14  Adept  
  116  10:15  Adept x4  
  116  10:17  Probe  
  116  10:19  Disruptor (Chrono Boost)  
  116  10:21  Probe x2  
  128  10:22  Assimilator  
  128  10:24  Assimilator  
  128  10:26  Disruptor  
  127  10:29  Probe  
  127  10:30  Warp Prism (Chrono Boost)  
  127  10:34  Disruptor  
  126  10:41  Stalker  
  126  10:42  Stalker x2  
  110  11:14  Stalker x3  
  104  11:30  Stalker x2  
  104  11:31  Stalker  
  100  11:36  Pylon  
  100  11:37  Pylon  
  100  11:38  Pylon  
  89  11:40  Pylon, High Templar  
  89  11:41  High Templar  
  89  11:42  Pylon  
  89  11:45  Pylon  
  83  11:47  Archon  
  83  11:55  Zealot x2  
  83  11:56  Zealot x2  
Tags
 
Add a new tag
Caveats
  • Supply blocks, unpowered buildings, or Contaminate may cause inaccurate times.
  • Supply counts are checked every 10 seconds.